 Dungeon Sprint DCSS version 0.29.1-13-g9f3cf754e1 (webtiles) character file.

Game seed: 6908948198941743284

594 theblackgale the Grappler (level 7, 0/78 HPs)
             Began as a Yellow Draconian Transmuter on Jan 27, 2023.
             Slain by a kobold demonologist
             ... wielding a +0 dagger
              (2 damage)
             ... in the Dungeon (Sprint I: "Red Sonja").
             The game lasted 00:06:40 (124 turns).

theblackgale the Grappler (DrTm)                     Turns: 124, Time: 00:06:41

Health: 0/78       AC: 23    Str: 15    XL:     7   Next: 16%
Magic:  16/16      EV:  2    Int: 13    God:
Gold:   162        SH:  0    Dex: 11    Spells: 17/18 levels left

rFire   . . .      SeeInvis .     - Unarmed
rCold   . . .      Faith    .   (no shield)
rNeg    . . .      Spirit   .   (body armour unavailable)
rPois   +          Reflect  .   (helmet currently unavailable)
rElec   .          Harm     .   (cloak currently unavailable)
rCorr   .          Rampage  .   (gloves currently unavailable)
Will    .....      NoTele   +   (boots currently unavailable)
Stlth   +.........              (no amulet)
HPRegen 0.23/turn               (no ring)
MPRegen 0.15/turn               (no ring)

@: tree-form, spiked, on berserk cooldown, slowed, very slow
A: stationary, stasis, torment immunity, boosted hp, (spit acid), AC +6,
unfitting armour, (cold-blooded), (acid resistance)
a: no special abilities


You were in the Dungeon.
You were a tree.
You visited 1 branch You collected 162 gold pieces.

Inventory:

Wands
 c - a wand of digging (2)
Scrolls
 b - a scroll of amnesia {unknown}


   Skills:
 + Level 1.4 Fighting
 + Level 6.0 Dodging
 + Level 11.6 Unarmed Combat
 + Level 6.3 Spellcasting
 + Level 5.7 Transmutations
 + Level 0.3 Evocations


You had 17 spell levels left.
You knew the following spells:

 Your Spells              Type           Power      Damage    Failure   Level
a - Beastly Appendage     Tmut           38%        N/A       1%          1

Your spell library contained the following spells:

 Spells                   Type           Power      Damage    Failure   Level
 Wereblood                Tmut           19%        N/A       2%          2
 Spider Form              Tmut/Pois      11%        N/A       16%         3
 Ice Form                 Ice/Tmut       11%        N/A       45%         4


Dungeon Overview and Level Annotations

Branches:
Dungeon (1/1)

Altars:
Makhleb
Sif Muna
Vehumet
Wu Jian
Xom
Jiyva
Lugonu


Innate Abilities, Weirdness & Mutations

You are a tree.
Your roots penetrate the ground, keeping you stationary.
You cannot be teleported.
You are immune to unholy pain and torment.
Your maximum health is greatly increased.
Your equipment is partially melded.
((You can spit globs of acid.))
((Your golden yellow scales are hard. (AC +6)))
You cannot fit into any form of body armour.
((You are cold-blooded and may be slowed by cold attacks.))
((You are resistant to acid. (rCorr)))


Message History

Aiming: Dig
Press: ? - help, Q - select action, (/) - cycle Shift-Dir - straight line A rock wall.
The rock shatters into small pieces.
The kobold demonologist begins to cast a cantrip, but forgets the words!
You closely miss the kobold demonologist.
A kobold demonologist breaks down the door.
The kobold demonologist completely misses you.
You smack the kobold demonologist!
You punch the kobold demonologist.
The kobold demonologist is moderately wounded.
The floating eye seems to glare at you.
The kobold demonologist casts a spell.
The floating eye gazes piercingly through you!
You suddenly lose the ability to move!
The kobold demonologist casts a spell.
You can move again.
You smack the kobold demonologist!
You punch the kobold demonologist!
The kobold demonologist is severely wounded.
The kobold demonologist hits you with a +0 dagger.
* * * LOW HITPOINT WARNING * * *
You barely miss the kobold demonologist.
The kobold demonologist is severely wounded.
The kobold demonologist barely misses you.
The red devil hits you from afar with a +0 trident!
* * * LOW HITPOINT WARNING * * *
Barbed spikes become lodged in your body.
The kobold demonologist looks satisfied for a moment.
You pummel the floating eye!!
You kill the floating eye!
The kobold demonologist mumbles some strange words.
The red devil hits you but does no damage.
The kobold demonologist mumbles some strange words.
Your Dodging skill increases to level 6!
You have reached level 7!
Your scales start taking on a golden yellow colour.
You can spit globs of acid.
You feel resistant to acid.
You hit the soul eater but do no damage.
The kobold demonologist hits you with a +0 dagger.
You die...

########################
<.#..'..#..'..55K34$'...
..').#..').#..'5♣K$5....
..#####'#####'#_5####...
..# #..# #.#### ..# ####
##)# ..# #_.+ ⌠⌠# +..._#
### #_.#+# ##+


You could see a soul eater (summoned), 2 kobold demonologists, a red devil
(summoned), 2 iron imps, a quasit (summoned), a shadow imp (summoned) and an
ufetubus (summoned).

Vanquished Creatures
  A slime creature (D)
  Sigmund (D)
  A floating eye (D)
  An ogre (D)
  A jelly (D)
  Ijyb (D)
6 creatures vanquished.

Notes
Turn   | Place    | Note
-------+----------+-------------------------------------------
     0 | D        | theblackgale the Draconian Transmuter began the quest for
                  | the Orb.
     0 | D        | Reached XP level 1. HP: 16/16 MP: 3/3
     2 | D        | Noticed Ijyb
    21 | D        | Killed Ijyb
    22 | D        | Reached skill level 5 in Unarmed Combat
    22 | D        | Reached XP level 2. HP: 14/23 MP: 3/6
    39 | D        | Noticed an ogre
    47 | D        | Killed an ogre
    48 | D        | Reached skill level 7 in Unarmed Combat
    48 | D        | Reached XP level 3. HP: 12/28 MP: 4/8
    48 | D        | Reached XP level 4. HP: 15/35 MP: 5/10
    62 | D        | Noticed Sigmund
    70 | D        | Killed Sigmund
    71 | D        | Reached skill level 9 in Unarmed Combat
    71 | D        | Reached skill level 5 in Spellcasting
    71 | D        | Reached XP level 5. HP: 15/40 MP: 8/12
    71 | D        | Reached XP level 6. HP: 18/47 MP: 9/14
    83 | D        | Found an ornate altar of the Wu Jian Council.
    83 | D        | Found a shimmering blue altar of Sif Muna.
    85 | D        | Found a radiant altar of Vehumet.
    90 | D        | Reached skill level 5 in Dodging
    90 | D        | Reached skill level 5 in Transmutations
    94 | D        | Found a viscous altar of Jiyva.
    94 | D        | Found a corrupted altar of Lugonu.
    94 | D        | Noticed a slime creature
    96 | D        | Found a burning altar of Makhleb.
    96 | D        | Found a shimmering altar of Xom.
   113 | D        | Killed a slime creature
   114 | D        | Reached skill level 11 in Unarmed Combat
   115 | D        | Noticed a kobold demonologist
   115 | D        | Noticed a floating eye
   115 | D        | Noticed a kobold demonologist
   119 | D        | Paralysed by a floating eye for 2 turns
   120 | D        | Noticed a red devil
   120 | D        | Noticed a soul eater
   122 | D        | HP: 1/70 [red devil/+0 trident[a kobold demonologist] (14)]
   123 | D        | Killed a floating eye
   124 | D        | Your scales start taking on a golden yellow colour.
   124 | D        | Reached XP level 7. HP: 2/52 MP: 16/16
   124 | D        | Gained mutation: You are resistant to acid. (rCorr) [Yellow
                  | Draconian growth]
   124 | D        | Slain by a kobold demonologist

Illustrated notes

Levels and vault maps discovered:
D:        dungeon_sprint_1 [red_sonja_temple_1, red_sonja_temple_small_1]

Skill      XL: |  1  2  3  4  5  6 |
---------------+-------------------+-----
Dodging        | 2 3 4 6 |  6.0
Unarmed Combat | 5 7 9 11 | 11.6
Spellcasting   | 3 4 5 6 |  6.3
Transmutations | 3 4 5 |  5.7
Fighting       | |  1.4
Evocations     | |  0.3

Action                   |  1- 3 |  4- 6 |  7- 9 || total
-------------------------+-------+-------+-------++-------
Melee: Unarmed           |    21 |    21 |     1 ||    43
       Headbutt          |     4 |       |       ||     4
       Kick              |     3 |       |       ||     3
       Tailslap          |     3 |     2 |       ||     5
       Punch             |       |     2 |       ||     2
 Cast: Beastly Appendage |     3 |       |       ||     3
Evoke: Wand              |       |     3 |       ||     3
  Use: Potion            |     2 |     5 |       ||     7
       Scroll            |       |     1 |       ||     1
Armor: Skin              |     4 |     5 |       ||     9
Dodge: Dodged            |     7 |     4 |       ||    11
